 Dungeon Crawl Stone Soup version 0.31-a0-246-g8cbcc1cb85 (webtiles) character file.

Game seed: 3611897136292722816

86 qw the Shooter (level 4, -2/26 HPs)
             Began as a Gargoyle Hexslinger on July 12, 2023.
             Slain by an orc
             ... wielding a +0 flail
              (7 damage)
             ... on level 4 of the Dungeon.
             The game lasted 00:00:53 (2416 turns).

qw the Shooter (Gargoyle Hexslinger)                Turns: 2416, Time: 00:00:53

Health: -2/26      AC:  9    Str: 12    XL:     4   Next: 50%
Magic:  5/5        EV: 10    Int: 13    God:
Gold:   171        SH:  0    Dex: 14    Spells: 4/5 levels left

rFire   . . .        Y - +1 sling
rCold   . . .        (no shield)
rNeg    + . .        d - +0 ring mail
rPois   inf          (no helmet)
rElec   +            (no cloak)
rCorr   .            (no gloves)
SInv    .            f - +0 pair of boots
Will    .....        (no amulet)
Stlth   +            (no ring)
HPRegen 0.24/turn    (no ring)
MPRegen 0.09/turn

%: no passive effects
@: no status effects
A: sickness immunity, AC +3, negative energy resistance 1, electricity
resistance, torment resistance 1, petrification resistance
a: no special abilities


You were on level 4 of the Dungeon.
You visited 1 branch of the dungeon, and saw 4 of its levels.

You collected 171 gold pieces.


Innate Abilities, Weirdness & Mutations

You are immune to sickness and miasma.
Your stone body is resilient. (AC +3)
You are immune to poison.
You resist negative energy. (rN+)
You are resistant to electric shocks. (rElec)
You are resistant to unholy torment.
You are immune to petrification.


   Skills:
 - Level 2.0 Fighting
 + Level 4.1 Ranged Weapons
 - Level 1.0 Armour
 - Level 1.5 Dodging
 - Level 1.0 Spellcasting
 - Level 2.6 Hexes


You had 4 spell levels left.
You knew the following spells:

 Your Spells              Type           Power      Damage    Failure   Level
a - Slow                  Hex            28%        N/A       22%         1

Your spell library contained the following spells:

 Spells                   Type           Power      Damage    Failure   Level
 Inner Flame              Hex/Fire       4%         N/A       73%         3
 Portal Projectile        Hex/Tloc       8%         N/A       73%         3
 Cause Fear               Hex            3%         N/A       91%         4

Inventory:

Hand Weapons
 Y - a +1 sling (weapon)
Armour
 d - a +0 ring mail (worn)
 f - a +0 pair of boots (worn)
Scrolls
 a - 3 scrolls of identify
Potions
 b - a potion of berserk rage {unknown}
 c - a potion of curing {unknown}
 e - a potion of invisibility {unknown}
 g - a potion of lignification {unknown}
 h - a potion of attraction {unknown}
 i - a potion of haste
 j - a potion of mutation {unknown}
 k - a potion of degeneration {unknown}

Dungeon Overview and Level Annotations

Branches:
Dungeon (4/15)
 Temple: D:4-7

Altars:
Elyvilon
Ru


Message History

The orc shouts!
You shoot a sling bullet.
The sling bullet completely misses the orc.
An orc comes into view.
It is wielding a +2 dagger of venom and wearing a +0 ring mail of cold resistance.
You shoot a sling bullet. The sling bullet hits the orc.
The orc is lightly wounded.
The orc closely misses you.
You shoot a sling bullet.
The sling bullet hits the orc but does no damage.
The orc is lightly wounded.
The orc hits you but does no damage. x2
You shoot a sling bullet.
The sling bullet closely misses the orc.
The orc barely misses you. The orc hits you but does no damage.
The orc barely misses you.
You shoot a sling bullet. The sling bullet hits the orc.
The orc is severely wounded.
The orc hits you but does no damage. The orc hits you with a +0 flail.
You shoot a sling bullet. The sling bullet barely misses the orc.
The orc closely misses you. x2; The orc hits you with a +0 flail.
You shoot a sling bullet.
The sling bullet hits the orc but does no damage.
The orc is severely wounded.
The orc closely misses you. The orc hits you with a +0 dagger.
The orc barely misses you. The orc hits you but does no damage. x3
You shoot a sling bullet. The sling bullet hits the orc.
The orc is almost dead.
The orc hits you but does no damage. The orc hits you with a +0 dagger.
The orc hits you with a +0 flail.
You shoot a sling bullet. The sling bullet hits the orc!
You kill the orc!
The orc hits you but does no damage. The orc hits you with a +0 flail.
You shoot a sling bullet.
The sling bullet hits the orc but does no damage.
The orc closely misses you. The orc hits you but does no damage.
The orc barely misses you.
You shoot a sling bullet. The sling bullet hits the orc!
You kill the orc!
The orc hits you with a +0 dagger. The orc hits you with a +0 flail!
You die...

#.(....#### ...#
#.#.%....#..# ###...##
###.# ##........##.
#...# ##
#.##############. #...#
#. .>...#########...
#...#
#.##.##............#
..###....##........#....
.....#...........##...
..###.o#.##........##...
#....o@...........####.
#.#..)#.###........##..
#...#.# ########..#.#
#...#.# ##.#.# #..##.#
##.#. ... ..# #.### #...
... ##.#. #.#. ..# #.#.#
..## ##.#.


You could see 2 orcs.

Vanquished Creatures
  2 adders (D:3)
  2 worms
  2 dart slugs
  3 orcs
  6 bats
  5 endoplasms
  4 giant cockroaches
  4 goblins
  2 hobgoblins (D:1)
  2 quokkas (D:3)
  8 ball pythons
  4 frilled lizards (D:1)
  8 kobolds
  5 rats
57 creatures vanquished.

Notes
Turn   | Place    | Note
-------+----------+-------------------------------------------
     0 | D:1      | qw the Gargoyle Hexslinger began the quest for the Orb.
     0 | D:1      | Reached XP level 1. HP: 12/12 MP: 2/2
     0 | D:1      | 0 ||| qw: Version: 0.3-a-52-g30416fa
     0 | D:1      | 0 ||| qw: Game counter: 6216
     0 | D:1      | 0 ||| qw: Melee chars always use a shield: true
     0 | D:1      | 0 ||| qw: God list: Okawaru
     0 | D:1      | 0 ||| qw: Allow faded altars: false
     0 | D:1      | 0 ||| qw: Do Orc after clearing Dungeon:15 true
     0 | D:1      | 0 ||| qw: Do second Lair branch before Depths: true
     0 | D:1      | 0 ||| qw: Lair rune preference: random
     0 | D:1      | 0 ||| qw: Goals: Normal
     0 | D:1      | 0 ||| PLANNING D:1-11
    66 | D:1      | Reached XP level 2. HP: 16/16 MP: 3/3
   230 | D:1      | Reached skill level 3 in Ranged Weapons
   554 | D:1      | 554 ||| UPGRADING to +0 ring mail.
   564 | D:1      | 564 ||| DROPPING +0 robe.
   565 | D:1      | 565 ||| UPGRADING to +0 pair of boots.
   570 | D:1      | 570 ||| DROPPING scarf of shadows.
   571 | D:1      | 571 ||| READING 2 scrolls labelled UFROAC LEBEANU.
   572 | D:1      | 572 ||| READING scroll labelled VYUTIR MAESOB.
   573 | D:1      | 573 ||| READING scroll labelled UPPIKUOPAZ.
   583 | D:1      | 583 ||| DROPPING scroll of amnesia.
   584 | D:1      | 584 ||| DROPPING scroll of poison.
   784 | D:2      | Reached XP level 3. HP: 21/21 MP: 4/4
  1225 | D:2      | Reached skill level 1 in Armour
  1457 | D:2      | 1457 ||| READING scroll labelled CYGRIR SYMY.
  1458 | D:2      | 1458 ||| READING scroll labelled CAC BEDYREO.
  1459 | D:2      | 1459 ||| READING scroll labelled RAPEPN GAFU.
  1460 | D:2      | 1460 ||| DRINKING 2 white potions.
  1592 | D:3      | Found a sacrificial altar of Ru.
  1592 | D:3      | Found a white marble altar of Elyvilon.
  1698 | D:3      | Reached XP level 4. HP: 24/26 MP: 5/5
  2234 | D:3      | 2234 ||| READING scroll labelled WYZXOJUSARGH.
  2238 | D:3      | 2238 ||| READING scroll labelled BIT TOBBURO.
  2250 | D:4      | Reached skill level 4 in Ranged Weapons
  2414 | D:4      | HP: 6/26 [orc/+0 flail (2)]
  2416 | D:4      | Slain by an orc

Levels and vault maps discovered:
D:1:      erik_arrival_triangle_large, layout_rooms
D:2:      layout_loops_corners
D:3:      layout_loops_ring, mainiacjoe_overflow_divided_tiny,
          minmay_misc_feat_hallway
D:4:      layout_loops_cross, hangedman_decor_slide_cut, roderic_roman_lattice,
          st_stairs_5

Skill      XL: |  1  2  3  4 |
---------------+-------------+-----
Ranged Weapons | 3 4 |  4.1
Fighting       | 2 |  2.0
Armour         | 1 |  1.0
Dodging        | |  1.5
Spellcasting   | |  1.0
Hexes          | |  2.6

Action                     |  1- 3 |  4- 6 || total
---------------------------+-------+-------++-------
   Fire: Sling             |   160 |    51 ||   211
    Use: Scroll            |     6 |     2 ||     8
         Potion            |     1 |       ||     1
 Armour: Robe              |    16 |       ||    16
         Ring mail         |    21 |    22 ||    43
  Dodge: Dodged            |    39 |    22 ||    61

Table legend:
 A = Non-vault XP
 B = Vault XP
 C = Vault XP percentage of total XP
 D = Non-vault monster count
 E = Vault monster count
 F = Vault count percentage of total count
                 A         B        C        D         E       F
            +---------+---------+-------+---------+---------+-------
      Total |     127 |       0 |   0.0 |      57 |       0 |   0.0
            +---------+---------+-------+---------+---------+-------
        D:1 |      32 |       0 |   0.0 |      23 |       0 |   0.0
        D:2 |      16 |       0 |   0.0 |       9 |       0 |   0.0
        D:3 |      60 |       0 |   0.0 |      18 |       0 |   0.0
        D:4 |      19 |       0 |   0.0 |       7 |       0 |   0.0
            +---------+---------+-------+---------+---------+-------
